 Dungeon Crawl Stone Soup version 0.28-a0-1510-gd0f6b136d3 (webtiles) character file.

Game seed: 6681352019393454020

9700 BlueFish the Covert (level 11, -10/80 HPs)
             Began as a Vampire Delver on Jan 15, 2022.
             Was an Elder of Dithmenos.
             Mangled by a seven-headed hydra (11 damage)
             ... on level 1 of the Lair of Beasts.
             The game lasted 00:27:39 (10375 turns).

BlueFish the Covert (Vampire Delver)               Turns: 10375, Time: 00:27:39

Health: -10/80     AC:  8    Str: 11    XL:     11   Next: 26%
Magic:  17/17      EV: 17    Int: 14    God:    Dithmenos [****..]
Gold:   555        SH:  6    Dex: 25    Spells: 11/18 levels left

rFire   . . .      SeeInvis +   a - +1 short sword (venom)
rCold   . . .      Faith    +   y - +0 buckler
rNeg    . . .      Spirit   .   I - +0 steam dragon scales
rPois   +          Reflect  .   (no helmet)
rElec   .          Harm     .   (no cloak)
rCorr   .          Rampage  .   (no gloves)
Will    +....                   o - +1 pair of boots
Stlth   ++++++++..              t - amulet of faith
HPRegen 0.43/turn               i - ring of poison resistance
MPRegen 0.15/turn               G - +6 ring of dexterity

@: on berserk cooldown, healing quickly, slowed, wreathed by umbra, very slow
A: alive, fangs 3, see invisible, vampiric 2
a: Exsanguinate, Renounce Religion, Shadow Step


You were on level 1 of the Lair of Beasts.
You worshipped Dithmenos.
Dithmenos was greatly pleased with you.
You visited 3 branches of the dungeon, and saw 12 of its levels.

You collected 709 gold pieces.
You spent 154 gold pieces at shops.

Inventory:

Hand Weapons
 a - a +1 short sword of venom (weapon)
 b - a +5 quick blade
 h - a +1 vorpal short sword
Missiles
 q - 2 atropa-tipped darts
 u - 2 javelins
 E - 37 poisoned darts (quivered)
 Q - a boomerang
Armour
 o - a +1 pair of boots (worn)
 r - +0 acid dragon scales
 y - a +0 buckler (worn)
 D - a +0 leather armour of poison resistance
 I - +0 steam dragon scales (worn)
Jewellery
 i - a ring of poison resistance (left hand)
 j - a ring of magical power
 s - an amulet of regeneration
 t - an amulet of faith (around neck)
 G - a +6 ring of dexterity (right hand)
 K - a ring of positive energy
 L - a +6 ring of strength
Wands
 g - a wand of digging (3)
 p - a wand of iceblast (10)
 F - a wand of polymorph (6)
 J - a wand of charming (5)
 M - a wand of mindburst (13)
 N - a wand of acid (5)
 S - a wand of paralysis (7)
Scrolls
 c - a scroll of fog
 d - 2 scrolls of magic mapping
 v - 5 scrolls of teleportation
 A - 2 scrolls of blinking
 O - 2 scrolls of enchant weapon
 R - a scroll of summoning
Potions
 f - a potion of haste
 l - a potion of experience {unknown}
 m - 2 potions of lignification {unknown}
 n - a potion of resistance
 w - 3 potions of curing
 x - 2 potions of attraction
 z - 3 potions of mutation
 B - 2 potions of brilliance {unknown}
 C - 3 potions of berserk rage
 H - a potion of heal wounds {unknown}
Miscellaneous
 e - a tin of tremorstones (2/2)
 P - a condenser vane


   Skills:
 + Level 5.3 Fighting
 + Level 5.9 Short Blades
 + Level 3.6 Throwing
 + Level 4.1 Armour
 + Level 6.2 Dodging
 + Level 10.6 Stealth
 + Level 4.0 Shields
 + Level 4.3 Spellcasting
 * Level 8.9 Hexes
 + Level 5.6 Necromancy
 + Level 4.1 Invocations
 + Level 4.5 Evocations


You had 11 spell levels left.
You knew the following spells:

 Your Spells              Type           Power      Damage    Failure   Level
a - Tukima's Dance        Hex            28%        N/A       1%          3
b - Anguish               Hex/Necr       11%        N/A       12%         4

Your spell library contained the following spells:

 Spells                   Type           Power      Damage    Failure   Level
 Pain                     Necr           72%        1d7       2%          1
 Sublimation of Blood     Necr           18%        N/A       3%          2
 Inner Flame              Hex/Fire       15%        N/A       12%         3
 Beastly Appendage        Tmut           6%         N/A       24%         1
 Foxfire                  Conj/Fire      12%        2x1d4     24%         1
 Freeze                   Ice            12%        1d4       24%         1
 Sting                    Tmut/Pois      12%        1d3       24%         1
 Poisonous Vapours        Pois/Air       6%         N/A       34%         2
 Wereblood                Tmut           3%         N/A       34%         2
 Agony                    Necr           18%        N/A       54%         5
 Excruciating Wounds      Necr           9%         N/A       54%         5
 Conjure Flame            Conj/Fire      3%         6-21      56%         3
 Frozen Ramparts          Ice            6%         1d2       56%         3
 Spider Form              Tmut/Pois      3%         N/A       56%         3
 Yara's Violent Unravell  Hex/Tmut       7%         3d5       71%         5
 Flame Wave               Conj/Fire      3%         2d4       93%         4
 Hailstorm                Conj/Ice       3%         3d3       93%         4
 Olgreb's Toxic Radiance  Pois           3%         N/A       93%         4
 Passage of Golubria      Tloc           3%         N/A       93%         4
 Petrify                  Tmut/Erth      3%         N/A       93%         4
 Enfeeble                 Hex            14%        N/A       99%         7
 Irradiate                Conj/Tmut      1%         3d14      100%        5
 Summon Hydra             Summ           1%         N/A       100%        7


Dungeon Overview and Level Annotations

Branches:
Dungeon (10/15)            Temple (1/1) D:4            Lair (1/6) D:9
    Orc: D:9-12

Altars:
Ashenzari
Cheibriados
Dithmenos
Elyvilon
Fedhas
Gozag
Hepliaklqana
Kikubaaqudgha
Makhleb
Nemelex Xobeh
Okawaru
Qazlal
Ru
Sif Muna
Trog
Uskayaw
Vehumet
Wu Jian
Xom
Yredelemnul
Zin
The Shining One

Shops:
D:2 (   D:3 [   D:5 ?   D:7 [


Innate Abilities, Weirdness & Mutations

Your natural rate of healing is accelerated.
You have razor-sharp teeth.
You have supernaturally acute eyesight. (SInv)
You are afflicted with vampirism and can become a bat while bloodless.


Message History

The bullfrog barely misses you.
The seven-headed hydra completely misses you.
The seven-headed hydra bites you.
The seven-headed hydra closely misses you.
The seven-headed hydra barely misses you.
The seven-headed hydra bites you. x2
* * * LOW HITPOINT WARNING * * *
The seven-headed hydra bites you!
* * * LOW HITPOINT WARNING * * *
You block the bullfrog's attack.
You feel a strong urge to attack something.
You hit the bullfrog.
The bullfrog is poisoned.
The bullfrog is lightly wounded.
The bullfrog hits you.
* * * LOW HITPOINT WARNING * * *
You feel a strong urge to attack something.
You are no longer berserk.
You are exhausted.
You feel yourself slow down.
Throw: 2 darts (curare)
Press: ? - help, Shift-Dir - straight line, f - seven-headed hydra
Aim: a seven-headed hydra (lightly wounded, very poisoned, umbra, 82% to hit)
You throw a curare-tipped dart.
The curare-tipped dart hits the seven-headed hydra.
The seven-headed hydra is lightly wounded.
Throw: dart (curare)
Press: ? - help, Shift-Dir - straight line, f/p - seven-headed hydra
Aim: a seven-headed hydra (lightly wounded, very poisoned, umbra, 82% to hit)
You throw a curare-tipped dart.
The curare-tipped dart hits the seven-headed hydra.
The seven-headed hydra is lightly wounded.
The seven-headed hydra bites you.
* * * LOW HITPOINT WARNING * * *
You block the seven-headed hydra's attack.
The seven-headed hydra bites you but does no damage. x2
The seven-headed hydra barely misses you.
The seven-headed hydra bites you!
* * * LOW HITPOINT WARNING * * *
The seven-headed hydra bites you!
You die...

##.#
#.D...............###..
#####.##.........##........
##..####........##........
#...####...#....##........
#.#.D.##.####.............
####..#...###<............
#P..#..##.#.............
##.....##.(...#.........
#.##..@DF...#รท...#.#P..
#####.#..........##....
#..#..#.............
##.#.>###........#. ###.##
##......## ..# ..#...# #.##
#.####. ## #


You could see a seven-headed hydra (poisoned) and a bullfrog (very poisoned).

Vanquished Creatures
  A two-headed ogre (D:9)
  Pikel (D:5)
  A cyclops (D:10)
  2 kobold demonologists (D:9)
  4 blink frogs (Lair:1)
  A hornet (D:10)
  A shadow (D:7)
  2 wyverns (D:9)
  A hog (shapeshifter) (D:10)
  8 yaks
  4 vampire mosquitoes (D:8)
  2 steam dragons
  2 acid dragons
  5 water moccasins
  2 orc warriors
  An ice beast (D:8)
  A necrophage (D:5)
  4 ogres
  3 wolves (Lair:1)
  2 centaurs
  2 lemures (D:5)
  3 kobold brigands (D:9)
  Blork the orc (D:5)
  4 bullfrogs
  3 scorpions
  10 killer bees (D:9)
  11 wights
  A howler monkey (D:7)
  3 centaur zombies
  A jelly (D:6)
  3 bullfrog skeletons
  2 gnoll shamans (D:4)
  4 orc priests
  2 iguanas (D:7)
  4 orc wizards
  A killer bee zombie (D:8)
  2 hound skeletons
  A howler monkey zombie (D:5)
  7 gnolls
  2 howler monkey skeletons
  3 adders
  A white imp (D:7)
  An adder skeleton (D:4)
  3 worms
  3 dart slugs (D:2)
  24 orcs
  5 ball pythons
  5 endoplasms
  4 giant cockroaches
  4 goblins
  2 hobgoblins
  5 quokkas
  5 bats
  7 frilled lizards (D:1)
  12 kobolds
  4 rats
203 creatures vanquished.

Vanquished Creatures (others)
  2 dancing weapons (D:10)
  A wolf (Lair:1)
  A plant (Lair:1)
4 creatures vanquished.

Grand Total: 207 creatures vanquished

Notes
Turn   | Place    | Note
-------+----------+-------------------------------------------
     0 | D:5      | BlueFish the Vampire Delver began the quest for the Orb.
     0 | D:5      | Reached XP level 1. HP: 17/17 MP: 1/1
    31 | D:5      | Noticed a lemure
    43 | D:5      | Noticed Blork the orc
    68 | D:5      | Noticed a necrophage
   132 | D:5      | Noticed a gnoll shaman
   209 | D:4      | Reached XP level 2. HP: 23/23 MP: 2/2
   249 | D:4      | Noticed a scorpion
   268 | D:4      | Gained mutation: You are afflicted with vampirism and can
                  | become a bat while bloodless. [Vampire growth]
   268 | D:4      | Reached XP level 3. HP: 28/28 MP: 3/3
   549 | D:1      | Reached skill level 1 in Evocations
   553 | D:1      | Found a faded altar of an unknown god.
   625 | D:1      | Reached skill level 1 in Spellcasting
   780 | D:1      | Reached XP level 4. HP: 34/34 MP: 5/5
  1739 | D:2      | Found Feaph's Weapon Emporium.
  1913 | D:3      | Reached skill level 1 in Armour
  1921 | D:3      | Found Jiechon's Armour Boutique.
  1927 | D:3      | Bought a +0 buckler for 49 gold pieces
  1980 | D:3      | Reached XP level 5. HP: 14/41 MP: 6/6
  2540 | D:4      | Reached skill level 8 in Stealth
  2550 | D:4      | Reached XP level 6. HP: 34/47 MP: 8/8
  2727 | D:4      | Found a staircase to the Ecumenical Temple.
  2745 | Temple   | Entered the Ecumenical Temple
  2781 | Temple   | Became a worshipper of Dithmenos the Shadowed
  3184 | D:4      | Reached skill level 1 in Shields
  3186 | D:4      | Reached skill level 1 in Throwing
  3426 | D:4      | Learned a level 3 spell: Tukima's Dance
  3431 | D:4      | Learned a level 4 spell: Anguish
  3526 | D:4      | Reached skill level 1 in Hexes
  3710 | D:5      | Reached XP level 7. HP: 41/52 MP: 9/9
  3767 | D:5      | Reached skill level 1 in Invocations
  3834 | D:5      | Reached skill level 1 in Necromancy
  3840 | D:5      | Killed Blork the orc
  4207 | D:5      | Noticed Pikel
  4239 | D:5      | Killed Pikel
  4240 | D:5      | Reached XP level 8. HP: 24/60 MP: 11/11
  4376 | D:5      | Found Erack's Magic Scroll Boutique.
  4411 | D:5      | Bought a scroll of blinking for 105 gold pieces
  4773 | D:5      | Reached * piety under Dithmenos
  5265 | D:6      | Found a sparkling altar of Nemelex Xobeh.
  5861 | D:7      | Reached skill level 9 in Stealth
  5861 | D:7      | Reached skill level 5 in Hexes
  5902 | D:7      | Reached XP level 9. HP: 65/65 MP: 13/13
  6160 | D:7      | Reached skill level 5 in Dodging
  6266 | D:7      | Found Joadd's Antique Armour Shop.
  6288 | D:7      | Identified a scroll of acquirement
  6288 | D:7      | Acquired a +5 quick blade
  6606 | D:8      | Reached ** piety under Dithmenos
  7282 | D:8      | You fall into a shaft and drop 1 floor!
  7371 | D:8      | Reached XP level 10. HP: 53/73 MP: 15/15
  7711 | D:9      | Noticed a smoke demon
  7722 | D:9      | Reached skill level 5 in Short Blades
  7749 | D:9      | Noticed a soul eater
  7904 | D:9      | Reached *** piety under Dithmenos
  8220 | D:9      | Reached skill level 5 in Necromancy
  8291 | D:9      | Reached skill level 10 in Stealth
  8435 | D:9      | Found a staircase to the Lair.
  8709 | D:9      | Reached skill level 5 in Fighting
  8799 | D:10     | Entered Level 10 of the Dungeon
  8845 | D:10     | Noticed a cyclops
  8850 | D:10     | Killed a cyclops
  8983 | D:10     | Paralysed by a hornet for 1 turns
  9111 | D:10     | Noticed a gargoyle
  9349 | D:10     | Noticed a two-headed ogre
  9385 | D:9      | Killed a two-headed ogre
  9386 | D:9      | Reached XP level 11. HP: 17/79 MP: 13/17
  9531 | Lair:1   | Entered Level 1 of the Lair of Beasts
  9571 | Lair:1   | HP: 3/79 [poisoned by a water moccasin]
  9914 | Lair:1   | Noticed a seven-headed hydra
 10108 | Lair:1   | Reached **** piety under Dithmenos
 10375 | Lair:1   | HP: 1/80 [seven-headed hydra (9)]
 10375 | Lair:1   | Mangled by a seven-headed hydra

Illustrated notes

Levels and vault maps discovered:
D:1:      dpeg_arrival_lava_altar, layout_loops_cross,
          ebering_ecumenical_altar_petrified, minmay_lizard_pond
D:2:      layout_basic, serial_shops, nicolae_shop_bloodbath_and_beyond,
          minmay_misc_feat_roman, hex_tiny, grunt_ministairs_15
D:3:      layout_rooms, serial_shops, nicolae_shop_hallway_plus
D:4:      layout_basic, minmay_temple_entry_offerings
D:5:      layout_basic, lemuel_tele_altar, serial_shops, nicolae_diamond_shop,
          corner_web_ring, hangedman_abyss_or_decor_stabs, uniq_blork_the_orc,
          uniq_pikel
D:6:      layout_loops_corners, nemelex_diamond_rough_becter, eino_tiny_chamber
D:7:      layout_cave_pools, serial_shops, nicolae_shop_waterfront
D:8:      layout_loops_ring, serial_glass, glass_columns_b, glass_columns_b
D:9:      layout_basic, lair_entry_dummy, minmay_misc_feat_rows
D:10:     cheibrodos_ideogram_h, layout_basic, minivault_11
Temple:   mainiacjoe_temple_cubbyholes
Lair:1:   layout_cave_shapes

Skill      XL: |  1  2  3  4  5  6  7  8  9 10 11 |
---------------+----------------------------------+-----
Evocations     | 1 2 3 4 |  4.5
Spellcasting   | 1 2 3 4 |  4.3
Fighting       | 3 4 5 |  5.3
Armour         | 1 2 3 4 |  4.1
Dodging        | 3 4 5 6 |  6.2
Short Blades   | 3 4 5 |  5.9
Stealth        | 8 9 10 | 10.6
Shields        | 1 2 3 4 |  4.0
Throwing       | 1 2 3 |  3.6
Hexes          | 1 3 5 6 8 |  8.9
Invocations    | 1 2 3 4 |  4.1
Necromancy     | 1 2 4 5 |  5.6

Action                   |  1- 3 |  4- 6 |  7- 9 | 10-12 || total
-------------------------+-------+-------+-------+-------++-------
Melee: Short sword       |    83 |   147 |   251 |   240 ||   721
       Bite              |     6 |    14 |    55 |    63 ||   138
       Punch             |     2 |       |       |       ||     2
       Unarmed           |       |       |     6 |       ||     6
       Quick blade       |       |       |    91 |   159 ||   250
Throw: Dart              |       |       |     6 |     8 ||    14
 Cast: Tukima's Dance    |       |       |       |     9 ||     9
       Anguish           |       |       |       |     3 ||     3
  Use: Scroll            |       |       |    12 |     6 ||    18
       Potion            |       |       |       |     1 ||     1
 Stab: Sleeping          |     9 |    11 |    17 |    10 ||    47
       Distracted        |       |     1 |     1 |     1 ||     3
Armor: Leather armour    |    19 |    27 |    13 |       ||    59
       Acid dragon scale |       |       |     7 |       ||     7
       Steam dragon scal |       |       |     8 |    76 ||    84
Dodge: Dodged            |    46 |    90 |   153 |   344 ||   633
Block: Buckler           |       |    22 |    79 |   111 ||   212

Table legend: (Time is in decaauts)
 A = Elapsed time spent in this place.
 B = Non-inter-level travel time spent in this place.
 C = Inter-level travel time spent in this place.
 D = Time resting spent in this place.
 E = Time spent auto-exploring this place.
 F = Levels seen in this place.
 G = Mean time per level.
                   A        B        C        D        E       F      G
               +--------+--------+--------+--------+--------+-----+--------+
         Total |  10187 |   9816 |    371 |    555 |   6709 |  12 |  848.9 |
       Dungeon |   9326 |   9008 |    318 |    545 |   6165 |  10 |  932.6 |
        Temple |    359 |    306 |     53 |      0 |    289 |   1 |  359.0 |
          Lair |    500 |    500 |      0 |     10 |    255 |   1 |  500.0 |
               +--------+--------+--------+--------+--------+-----+--------+

Top non-repeatable levels by time:
     D:9: 1810 daAuts
     D:5: 1217 daAuts
     D:4: 1214 daAuts
     D:8: 972 daAuts
     D:6: 897 daAuts
     D:2: 781 daAuts
     D:1: 763 daAuts
     D:7: 741 daAuts
     D:3: 569 daAuts
  Lair:1: 500 daAuts
  Temple: 359 daAuts
    D:10: 358 daAuts
